 Dungeon Crawl Stone Soup version 0.28-a0-1616-g050a50673c (webtiles) character file.

Game seed: 2382729339482948646

1940 grumblor the Skirmisher (level 8, -3/68 HPs)
             Began as a Mummy Fighter on Jan 22, 2022.
             Slain by a vampire (4 damage)
             ... on level 6 of the Dungeon.
             The game lasted 00:13:12 (8335 turns).

grumblor the Skirmisher (Mummy Fighter)             Turns: 8335, Time: 00:13:13

Health: -3/68      AC: 13    Str: 22    XL:     8   Next: 98%
Magic:  8/8        EV:  6    Int:  7    God:
Gold:   256        SH:  4    Dex: 11    Spells: 7/7 levels left

rFire   x . .      SeeInvis .   b - +0 war axe
rCold   + . .      Faith    .   c - +0 buckler
rNeg    + + +      Spirit   .   q - +0 plate armour
rPois   ∞          Reflect  .   (no helmet)
rElec   .          Harm     .   a - scarf {+Inv}
rCorr   .          Rampage  .   e - +0 pair of gloves
Will    +....                   (no boots)
Stlth   ..........              (no amulet)
HPRegen 0.21/turn               (no ring)
MPRegen 0.11/turn               (no ring)

@: no status effects
A: cold resistance 1, negative energy resistance 3, torment resistance 2, heat
vulnerability 1, no potions
a: Evoke Invisibility


You were on level 6 of the Dungeon.
You visited 1 branch of the dungeon, and saw 6 of its levels.

You collected 256 gold pieces.

Inventory:

Hand Weapons
 b - a +0 war axe (weapon)
 p - the +1 falchion of Fundamental Breach {protect, Will+}
   (You found it on level 6 of the Dungeon)

   It grants its wielder temporary protection when it strikes (+7 to AC).
   Will:      It increases your willpower.
Missiles
 i - 2 boomerangs (quivered)
Armour
 a - a scarf of invisibility (worn)
 c - a +0 buckler (worn)
 e - a +0 pair of gloves (worn)
 q - a +0 plate armour (worn)
Wands
 d - a wand of digging (8)
 j - a wand of flame (17)
 m - a wand of paralysis (7)
Scrolls
 f - 3 scrolls of enchant armour
 g - a scroll of fog
 k - a scroll of teleportation
 l - a scroll of blinking
 n - a scroll of magic mapping {unknown}


   Skills:
 * Level 7.8 Fighting
 + Level 4.4 Axes
 - Level 2.0 Throwing
 * Level 4.9 Armour
 - Level 2.0 Dodging
 * Level 3.0 Shields
 * Level 2.5 Evocations


You had 7 spell levels left.
You didn't know any spells.
Your spell library contained the following spells:

 Spells                   Type           Power      Damage    Failure   Level
 Animate Skeleton         Necr           0%         N/A       100%        1
 Apportation              Tloc           0%         N/A       100%        1
 Summon Small Mammal      Summ           0%         N/A       100%        1
 Blink                    Tloc           0%         N/A       100%        2
 Lesser Beckoning         Tloc           0%         N/A       100%        3
 Manifold Assault         Tloc           0%         N/A       100%        5


Dungeon Overview and Level Annotations

Branches:
Dungeon (6/15)             Temple (0/1) D:6

Altars:
Cheibriados
Elyvilon
Okawaru
Sif Muna
Yredelemnul
The Shining One

Shops:
D:3 :   D:5 (   D:6 *


Innate Abilities, Weirdness & Mutations

You are immune to poison.
Your flesh is cold resistant. (rC+)
You are immune to negative energy. (rN+++)
You are immune to unholy pain and torment.
You are vulnerable to heat. (rF-)
You do not drink.


Message History

The vampire flickers and vanishes!
Deactivating autopickup; reactivate with Ctrl-A.
Something hits you! Something bites you but does no damage.
You hit something but do no damage. Something hits you.
Something bites you but does no damage.
You miss something. Something hits you. Something bites you!
Something hits you but does no damage. Something bites you.
You hit something but do no damage. Something hits you but does no damage.
Something bites you.
You closely miss something. Something hits you.
Something bites you but does no damage.
You barely miss something. Something hits you!
Something bites you but does no damage.
You hit something. You block something's attack.
Something bites you but does no damage. Something hits you but does no damage.
Something bites you.
* * * LOW HITPOINT WARNING * * *
You hit something but do no damage. Something hits you.
* * * LOW HITPOINT WARNING * * *
Something bites you.
* * * LOW HITPOINT WARNING * * *
You hit something but do no damage. Something hits you but does no damage.
Something bites you but does no damage.
You hit something. Something hits you but does no damage.
Something bites you but does no damage.
You closely miss something.
You hear some strange, mumbled words.
Something tries to affect you, but you resist.
Something hits you but does no damage. Something bites you.
* * * LOW HITPOINT WARNING * * *
You miss something. Something hits you!
* * * LOW HITPOINT WARNING * * *
Something bites you but does no damage.
You barely miss something. Something hits you.
* * * LOW HITPOINT WARNING * * *
Something bites you but does no damage.
You slash something! Something hits you.
* * * LOW HITPOINT WARNING * * *
Something bites you but does no damage. Something hits you.
You die...

#.# #........#
#.###.#..#...#
#.....#......##
###.###.#.#...#
#.##.........
###....#...#...
#....#.......#
#..#.....>.....
#....#@......#.
...##..{#...#...
.###
#.#.......## .
#....#.#.##
#.#......#
###.#.## ...#
##.


There were no monsters in sight!

Vanquished Creatures
  A two-headed ogre (D:6)
  Sigmund (D:3)
  An orc warrior (D:6)
  An ice beast (D:3)
  A sky beast (D:5)
  An ogre (D:5)
  A bullfrog (D:6)
  2 scorpions (D:6)
  A wyvern skeleton (D:6)
  A water moccasin skeleton (D:6)
  A centaur zombie (D:5)
  A bullfrog skeleton (D:5)
  A centaur skeleton (D:5)
  A jelly (D:5)
  3 hounds
  Ijyb (D:5)
  3 iguanas
  An orc wizard (D:6)
  8 gnolls
  4 adders
  A white imp (D:5)
  An ufetubus (D:6)
  An adder skeleton (D:4)
  3 worms
  2 dart slugs
  10 orcs
  10 ball pythons
  7 bats
  4 endoplasms
  A giant cockroach (D:1)
  5 goblins
  4 hobgoblins
  4 jackals (D:1)
  5 quokkas
  2 kobolds (D:1)
  4 rats (D:1)
99 creatures vanquished.

Notes
Turn   | Place    | Note
-------+----------+-------------------------------------------
     0 | D:1      | grumblor the Mummy Fighter began the quest for the Orb.
     0 | D:1      | Reached XP level 1. HP: 18/18 MP: 1/1
   242 | D:1      | Reached XP level 2. HP: 24/24 MP: 2/2
  1455 | D:2      | Reached XP level 3. HP: 20/30 MP: 3/3
  1562 | D:2      | Reached skill level 1 in Dodging
  1932 | D:2      | Found a faded altar of an unknown god.
  2400 | D:2      | Reached skill level 4 in Fighting
  2400 | D:2      | Reached XP level 4. HP: 19/37 MP: 4/4
  3023 | D:3      | Noticed Sigmund
  3041 | D:3      | HP: 1/37 [something (10)]
  3042 | D:3      | Killed Sigmund
  3043 | D:3      | Reached XP level 5. HP: 1/43 MP: 5/5
  3364 | D:3      | Noticed an ice beast
  3379 | D:3      | Killed an ice beast
  3380 | D:3      | Reached XP level 6. HP: 26/50 MP: 6/6
  3649 | D:3      | Reached skill level 5 in Fighting
  3785 | D:3      | Found Gagh's Book Emporium.
  4260 | D:3      | Found a basalt altar of Yredelemnul.
  5285 | D:5      | Entered Level 5 of the Dungeon
  5296 | D:5      | Noticed Ijyb
  5304 | D:5      | Killed Ijyb
  5305 | D:5      | Reached XP level 7. HP: 56/56 MP: 7/7
  5594 | D:5      | Reached skill level 1 in Throwing
  5900 | D:5      | Reached skill level 1 in Evocations
  6025 | D:5      | Reached skill level 6 in Fighting
  6077 | D:5      | Found a snail-covered altar of Cheibriados.
  6092 | D:5      | Found Galo's Weapon Shop.
  6265 | D:5      | Found an iron altar of Okawaru.
  6411 | D:6      | Found Esifoin's General Store.
  6458 | D:6      | Identified the +1 falchion of Fundamental Breach {protect,
                  | Will+}
  6591 | D:6      | Found a shimmering blue altar of Sif Muna.
  7019 | D:5      | Reached XP level 8. HP: 37/65 MP: 8/8
  7603 | D:6      | Noticed a two-headed ogre
  7619 | D:6      | Killed a two-headed ogre
  7620 | D:6      | Reached skill level 7 in Fighting
  8316 | D:6      | Found a staircase to the Ecumenical Temple.
  8335 | D:6      | HP: 1/68 [something (3)]
  8335 | D:6      | Slain by a vampire

Illustrated notes

Levels and vault maps discovered:
D:1:      erik_arrival_cave_to_civilisation [erik_arrival_cave_to_hall],
          layout_loops_ring, minmay_pentomino_t4
D:2:      layout_loops_ring, shapermc_ecumenical_altar_venn
D:3:      layout_loops_ring, kennysheep_ying_yang, serial_shops, shop,
          uniq_sigmund
D:4:      layout_gridville, minmay_misc_feat_roman
D:5:      layout_loops_ring, kennysheep_okawaru_gauntlet,
          kennysheep_slug_shrine, serial_shops, shop, uniq_ijyb
D:6:      layout_loops_ring, jmf_multi_god_temple,
          minmay_temple_entry_sparse_star, serial_shops, nicolae_shop_crystal

Skill      XL: |  1  2  3  4  5  6  7  8 |
---------------+-------------------------+-----
Axes           | 2 3 4 |  4.4
Dodging        | 1 2 |  2.0
Fighting       | 4 5 6 7 |  7.8
Armour         | 4 |  4.9
Throwing       | 1 2 |  2.0
Evocations     | 1 2 |  2.5
Shields        | 3 |  3.0

Action                   |  1- 3 |  4- 6 |  7- 9 || total
-------------------------+-------+-------+-------++-------
Melee: War axe           |   115 |   140 |   124 ||   379
       Falchion          |       |       |    48 ||    48
Throw: Boomerang         |       |       |    14 ||    14
Evoke: Wand              |       |     1 |     5 ||     6
  Use: Scroll            |       |     7 |     2 ||     9
 Stab: Paralysed         |       |     3 |    10 ||    13
Armor: Scale mail        |    74 |    21 |       ||    95
       Chain mail        |       |    34 |    87 ||   121
       Plate armour      |       |       |    58 ||    58
Dodge: Dodged            |    67 |    75 |    69 ||   211
Block: Buckler           |    26 |    34 |    25 ||    85

Table legend: (Time is in decaauts)
 A = Elapsed time spent in this place.
 B = Non-inter-level travel time spent in this place.
 C = Inter-level travel time spent in this place.
 D = Time resting spent in this place.
 E = Time spent auto-exploring this place.
 F = Levels seen in this place.
 G = Mean time per level.
                   A        B        C        D        E       F      G
               +--------+--------+--------+--------+--------+-----+--------+
         Total |   8507 |   8260 |    247 |   2199 |   4900 |   6 | 1417.8 |
       Dungeon |   8507 |   8260 |    247 |   2199 |   4900 |   6 | 1417.8 |
               +--------+--------+--------+--------+--------+-----+--------+

Top non-repeatable levels by time:
     D:1: 1863 daAuts
     D:5: 1708 daAuts
     D:6: 1407 daAuts
     D:3: 1362 daAuts
     D:2: 1355 daAuts
     D:4: 810 daAuts
